 Dungeon Crawl Stone Soup version 0.31-a0-940-gdaa99269f9 (webtiles) character file.

Game seed: 2216520254452070435

1173 ytrimaz the Shield-Bearer (level 8, -3/64 HPs)
             Began as a Formicid Fighter on Oct 20, 2023.
             Killed from afar by a steam dragon (9 damage)
             ... with a ball of steam
             ... on level 6 of the Dungeon.
             The game lasted 00:04:45 (4380 turns).

ytrimaz the Shield-Bearer (Formicid Fighter)        Turns: 4380, Time: 00:04:46

Health: -3/64      AC:  8    Str: 20    XL:     8   Next: 68%
Magic:  8/8        EV:  9    Int:  9    God:
Gold:   228        SH: 11    Dex: 15    Spells: 7/7 levels left

rFire   . . .        w - +6 shillelagh "Devastator" {shatter}
rCold   . . .        c - +0 buckler
rNeg    . . .        b - +0 scale mail
rPois   +            (helmet unavailable)
rElec   .            (no cloak)
rCorr   +            (no gloves)
SInv    +            h - +0 pair of boots
Will    .....        m - amulet of reflection Stlth
                     f - ring of poison resistance
HPRegen 0.30/turn    r - ring of resist corrosion
MPRegen 0.11/turn

%: reflection
@: no status effects
A: permanent stasis, dig shafts and tunnels, antennae 3, four strong arms
a: Dig, Shaft Self


You were on level 6 of the Dungeon.
You visited 1 branch of the dungeon, and saw 6 of its levels.
You also visited: Ossuary.

You collected 258 gold pieces.
You spent 30 gold pieces at shops.


Innate Abilities, Weirdness & Mutations

You cannot be hasted, slowed, berserked, paralysed or teleported.
You can dig through walls and to a lower floor.
You have a pair of large antennae on your head. (SInv)
Your four strong arms can wield two-handed weapons with a shield.


   Skills:
 + Level 6.2 Fighting
 - Level 3.9(4.5) Axes
 + Level 3.1(4.1) Maces & Flails
 + Level 6.2 Armour
 + Level 7.5 Shields


You had 7 spell levels left.
You didn't know any spells.
Your spell library contained the following spells:

 Spells                   Type           Power      Damage    Failure   Level
 Magic Dart               Conj           0%         1d3       77%         1
 Call Imp                 Summ           0%         N/A       88%         2
 Mephitic Cloud           Conj/Pois/Air  0%         N/A       98%         3
 Volatile Blastmotes      Fire/Tloc      0%         2d10      98%         3
 Dimensional Bullseye     Hex/Tloc       0%         N/A       100%        4
 Iskenderun's Mystic Bla  Conj/Tloc      0%         2d3       100%        4
 Death Channel            Necr           0%         N/A       100%        6
 Blink                    Tloc           Unusable   N/A       N/A         2

Inventory:

Hand Weapons
 a - a +0 war axe
 w - the +6 shillelagh "Devastator" (weapon) {shatter}
   (You found it on level 3 of the Dungeon)
Armour
 b - a +0 scale mail (worn)
 c - a +0 buckler (worn)
 h - a +0 pair of boots (worn)
   (You found it on level 1 of the Dungeon)
Jewellery
 d - a ring of flight
   (You found it on level 2 of the Dungeon)
 e - a ring of willpower
   (You found it on level 1 of the Dungeon)
 f - a ring of poison resistance (left hand)
   (You found it on level 4 of the Dungeon)
 l - a +6 ring of intelligence
   (You found it on level 1 of the Dungeon)
 m - an amulet of reflection (around neck)
   (You found it on level 2 of the Dungeon)
 r - a ring of resist corrosion (right hand)
   (You found it on level 2 of the Dungeon)
Wands
 p - a wand of mindburst (22)
   (You found it on level 2 of the Dungeon)
Scrolls
 j - a scroll of identify
 k - a scroll of immolation
 n - a scroll of brand weapon
 s - a scroll of silence
 u - a scroll of amnesia {unknown}
Potions
 g - 5 potions of ambrosia {unknown}
 i - 2 potions of curing
 o - 3 potions of heal wounds {unknown}
 q - 3 potions of resistance {unknown}
 t - a potion of mutation {unknown}
 v - 3 potions of lignification {unknown}
 x - 4 potions of magic {unknown}
 z - 3 potions of berserk rage {unknown}
 A - a potion of invisibility {unknown}
 B - 2 potions of attraction {unknown}

Dungeon Overview and Level Annotations

Branches:
Dungeon (6/15) Zot: 26983 Ossuary (visited)
 Temple: D:4-7

Altars:
Qazlal
Sif Muna
Vehumet
Yredelemnul

Shops:
D:1

([!
#............
##...........#
.............#
.............##
...........s..
......§.....#,
....§§.§...#
....§§..@D##
....§§§....#
.........#...#
........##..##
........# ..#
......... .##
......... .#
......##. .#
....#. ..


You could see a steam dragon (catching breath) and a scorpion.


Message History

Key pressed, stopping explore.
There is a stone staircase leading up here.
Key pressed, stopping explore.
You open the door.
There is an open door here.
Key pressed, stopping explore.
Unknown command.
You now have 228 gold pieces (gained 7).
You sense a monster nearby.
The frilled lizard hisses angrily. x2
Key pressed, stopping explore.
The frilled lizard hisses angrily.
Done exploring. 😎 HP[+18]
Your hp is fully restored (64).
Done exploring.
Done exploring.
Done exploring.
Done exploring.
Done exploring.
Done exploring.
Done exploring.
Done exploring.
Done exploring.
Unknown command.
Unknown command.
Done exploring.
Done exploring.
There is an open door here.
There is an escape hatch in the floor here.
You slide downwards.
The hatch slams shut behind you.
The iguana hisses angrily.
An iguana is nearby!
You closely miss the iguana. The iguana bites you! 😕 HP[-11]
You take 11 damage, and now have 53/64 hp.
You barely miss the iguana. You block the iguana's attack.
You sock the iguana!
The iguana shudders.
You kill the iguana!
You hear an angry hiss.
A steam dragon comes into view. 😕 HP[+1]
The steam dragon breathes steam at you. The ball of steam hits you!!
* * * LOW HITPOINT WARNING * * *
😨 HP[-23]
You take 23 damage, and now have 31/64 hp.
MASSIVE DAMAGE!! (PAUSE)
You are too injured to fight recklessly!
You are too injured to fight recklessly!
You're standing in a cloud of steam!
You're standing in a cloud of steam!
You're standing in a cloud of steam!
You're standing in a cloud of steam!
You're standing in a cloud of steam!
You are too injured to fight recklessly!
You are too injured to fight recklessly!
Unknown command.
You are too injured to fight recklessly!
You are engulfed in a cloud of scalding steam. 😨 HP[+1]
You hit the steam dragon.
The steam dragon shudders.
You block the steam dragon's attack.
The steam dragon claws you but does no damage.
You sock the steam dragon!
The steam dragon shudders.
The steam dragon closely misses you.
The steam dragon claws you but does no damage.
You hit the steam dragon.
The steam dragon shudders.
A scorpion comes into view.
The steam dragon breathes steam at you. The ball of steam hits you!
* * * LOW HITPOINT WARNING * * *
You hear a loud, deep croak!
You hear a bark!
Something shouts, "Flee, thou mammering toad-spotted foot-licker!"
You hear an angry hiss.
You hit the steam dragon.
The steam dragon shudders.
You are engulfed in a cloud of scalding steam.
* * * LOW HITPOINT WARNING * * *
The steam dragon bites you.
* * * LOW HITPOINT WARNING * * *
You block the steam dragon's attack. 😱 HP[-25]
You take 25 damage, and now have 7/64 hp.
MASSIVE DAMAGE!! (PAUSE)
You feel better.
You are engulfed in a cloud of scalding steam.
The steam dragon bites you!
* * * LOW HITPOINT WARNING * * *
You block the steam dragon's attack. 😱 HP[-2]
You take 2 damage, and now have 5/64 hp.
You barely miss the steam dragon. The steam dragon breathes steam at you.
The ball of steam hits you!
You die...

Skill      XL: |  1  2  3  4  5  6  7  8 |
---------------+-------------------------+-----
Fighting       | 4 5 6 |  6.2
Axes           | 3 |  3.9
Armour         | 4 5 6 |  6.2
Shields        | 5 6 7 |  7.5
Maces & Flails | 1 3 |  3.1

Action                     |  1- 3 |  4- 6 |  7- 9 || total
---------------------------+-------+-------+-------++-------
  Melee: War axe           |    62 |    74 |       ||   136
         Shillelagh        |       |       |   115 ||   115
    Use: Potion            |     1 |       |     1 ||     2
         Scroll            |       |       |     4 ||     4
 Armour: Scale mail        |    57 |    41 |    72 ||   170
  Dodge: Dodged            |    32 |    33 |    42 ||   107
  Block: Buckler           |    19 |    23 |    74 ||   116

Levels and vault maps discovered:
D:1:      dpeg_arrival_pits, layout_loops_corners, serial_shops,
          nicolae_shop_tiny_statue_garden, shop,
          nicolae_shop_just_a_little_nook, chequers_garden
D:2:      layout_basic, uniq_sigmund
D:3:      layout_rooms, uniq_grinder
D:4:      layout_cave_pods, gammafunk_temple_overflow_forgotten,
          mainiacjoe_overflow_surrounded_room, nicolae_ossuary_entry_plus,
          minmay_fractal_squares_5
D:5:      layout_basic, serial_aquarium, aquarium_bridge_long_separate
          [aquarium_subvault_wall, aquarium_subvault_bridge,
          aquarium_subvault_window, aquarium_subvault_window,
          aquarium_subvault_window, aquarium_subvault_bridge],
          aquarium_window_corridor_3, aquarium_window_fake, aquarium_view_2a,
          aquarium_view_2d, aquarium_balcony_5b, amcnicky_mini_corridor_feature,
          nicolae_titane, uniq_ijyb, uniq_blork_the_orc, uniq_eustachio
D:6:      layout_cave_pools, mainiacjoe_overflow_concentric_impassable,
          gammafunk_ghost_icy, minmay_misc_feat_rows, st_stairs_9

Notes
Turn   | Place    | Note
-------+----------+-------------------------------------------
     0 | D:1      | ytrimaz the Formicid Fighter began the quest for the Orb.
     0 | D:1      | Reached XP level 1. HP: 18/18 MP: 1/1
     0 | D:1      | magus.rc [v1.9.6]
    64 | D:1      | Found Efips's Antique Weapon Shoppe.
   316 | D:1      | Reached XP level 2. HP: 7/24 MP: 2/2
   316 | D:1      | HP: 6/24 [kobold/+0 whip (1)]
   597 | D:1      | Found Leirr's Distillery.
   605 | D:1      | Bought a potion of curing for 30 gold pieces
   684 | D:1      | Reached XP level 3. HP: 26/29 MP: 3/3
   838 | D:1      | Found Xear's Antique Armour Shoppe.
   962 | D:2      | Identified the "Ditataof"
   989 | D:2      | Noticed Sigmund
  1001 | D:2      | Killed Sigmund
  1002 | D:2      | Reached skill level 4 in Fighting
  1002 | D:2      | Reached skill level 3 in Axes
  1002 | D:2      | Reached skill level 4 in Armour
  1002 | D:2      | Reached skill level 5 in Shields
  1002 | D:2      | Reached XP level 4. HP: 24/38 MP: 4/4
  1002 | D:2      | Reached XP level 5. HP: 27/43 MP: 5/5
  1002 | D:2      | Reached XP level 6. HP: 31/49 MP: 6/6
  1143 | D:2      | You add the spells Volatile Blastmotes, Iskenderun's Mystic
                  | Blast, Dimensional Bullseye and Death Channel to your
                  | library.
  1855 | D:3      | Found the +6 shillelagh "Devastator" {shatter}
  1908 | D:3      | Noticed Grinder
  1920 | D:3      | Killed Grinder
  1921 | D:3      | Reached skill level 5 in Fighting
  1921 | D:3      | Reached skill level 5 in Armour
  1921 | D:3      | Reached skill level 6 in Shields
  1921 | D:3      | Reached XP level 7. HP: 33/56 MP: 7/7
  2327 | D:4      | Reached skill level 1 in Maces & Flails
  2365 | D:4      | Found a sand-covered staircase.
  2469 | Ossuary  | Entered an ossuary
  2626 | Ossuary  | Reached XP level 8. HP: 63/63 MP: 8/8
  2699 | D:4      | Found a stormy altar of Qazlal.
  2699 | D:4      | Found a shimmering blue altar of Sif Muna.
  2700 | D:4      | Found a radiant altar of Vehumet.
  2754 | D:4      | Found a basalt altar of Yredelemnul.
  2760 | D:4      | Reached skill level 2 in Maces & Flails
  3413 | D:5      | Entered Level 5 of the Dungeon
  3434 | D:5      | Reached skill level 7 in Shields
  3498 | D:5      | Noticed Blork the orc
  3503 | D:5      | Killed Blork the orc
  3579 | D:5      | Reached skill level 6 in Fighting
  3867 | D:5      | Noticed Eustachio
  3887 | D:5      | Killed Eustachio
  3888 | D:5      | Reached skill level 3 in Maces & Flails
  3888 | D:5      | Reached skill level 6 in Armour
  4041 | D:5      | You pick up a book of Minor Magic and begin reading...
  4041 | D:5      | You add the spells Magic Dart, Call Imp and Mephitic Cloud
                  | to your library.
  4121 | D:5      | Noticed Ijyb
  4132 | D:5      | Killed Ijyb
  4377 | D:6      | HP: 16/64 [steam dragon/ball of steam (17)]
  4378 | D:6      | HP: 7/64 [steam dragon (1)]
  4380 | D:6      | Killed from afar by a steam dragon

Vanquished Creatures
  Grinder (D:3)
  Sigmund (D:2)
  Eustachio (D:5)
  A phantom (D:4)
  A bullfrog (D:3)
  Blork the orc (D:5)
  A howler monkey (D:4)
  3 human zombies (Ossuary)
  2 hounds
  A sleepcap (D:4)
  Ijyb (D:5)
  2 iguanas
  2 mummies (Ossuary)
  4 adders
  4 ufetubi (D:5)
  2 adder zombies (Ossuary)
  3 worms
  3 dart slugs
  2 orcs (D:4)
  3 endoplasms
  2 giant cockroaches
  7 hobgoblins
  2 jackals (D:2)
  11 kobolds
  2 quokkas
  6 ball pythons
  5 bats
  2 frilled lizards
  6 goblins
  A goblin zombie (Ossuary)
  12 hobgoblin zombies (Ossuary)
  A jackal zombie (Ossuary)
  7 kobold zombies (Ossuary)
  10 orc zombies (Ossuary)
  5 rats
  A rat zombie (Ossuary)
119 creatures vanquished.

Table legend:
 A = Non-vault XP
 B = Vault XP
 C = Vault XP percentage of total XP
 D = Non-vault monster count
 E = Vault monster count
 F = Vault count percentage of total count
                 A         B        C        D         E       F
            +---------+---------+-------+---------+---------+-------
      Total |     570 |    1106 |  66.0 |      68 |      51 |  42.9
            +---------+---------+-------+---------+---------+-------
        D:1 |      42 |       0 |   0.0 |      24 |       0 |   0.0
        D:2 |      49 |     231 |  82.5 |      18 |       1 |   5.3
        D:3 |     103 |     267 |  72.2 |      10 |       1 |   9.1
        D:4 |     228 |      79 |  25.7 |       9 |       7 |  43.8
        D:5 |     112 |     322 |  74.2 |       6 |       3 |  33.3
        D:6 |      36 |       0 |   0.0 |       1 |       0 |   0.0
    Ossuary |       0 |     207 | 100.0 |       0 |      39 | 100.0
            +---------+---------+-------+---------+---------+-------

Skill      XL: |  1  2  3  4  5  6  7  8 |
---------------+-------------------------+-----
Fighting       | 4 5 6 |  6.2
Axes           | 3 |  3.9
Armour         | 4 5 6 |  6.2
Shields        | 5 6 7 |  7.5
Maces & Flails | 1 3 |  3.1

Action                     |  1- 3 |  4- 6 |  7- 9 || total
---------------------------+-------+-------+-------++-------
  Melee: War axe           |    62 |    74 |       ||   136
         Shillelagh        |       |       |   115 ||   115
    Use: Potion            |     1 |       |     1 ||     2
         Scroll            |       |       |     4 ||     4
 Armour: Scale mail        |    57 |    41 |    72 ||   170
  Dodge: Dodged            |    32 |    33 |    42 ||   107
  Block: Buckler           |    19 |    23 |    74 ||   116

Illustrated notes

Table legend:
 A = Kills in this place as a percentage of kills in the entire game.
 B = Kills by you in this place as a percentage of kills by you in the entire game.
 C = Kills by friends in this place as a percentage of kills by friends in the entire game.
 D = Other kills in this place as a percentage of other kills in the entire game.
 E = Experience gained in this place as a percentage of experience gained in the entire game.
 F = Experience gained in this place divided by the number of levels of this place that you have seen.
                   A       B       C       D       E      F
               +-------+-------+-------+-------+-------+----------------------
         Total | 100.0 | 100.0 |   N/A |   N/A | 100.0 | 239.4
       Dungeon |  67.2 |  67.2 |   N/A |   N/A |  87.6 | 244.8
       Ossuary |  32.8 |  32.8 |   N/A |   N/A |  12.4 | 207.0
               +-------+-------+-------+-------+-------+----------------------

Table legend: (Time is in decaauts)
 A = Elapsed time spent in this place.
 B = Non-inter-level travel time spent in this place.
 C = Inter-level travel time spent in this place.
 D = Time resting spent in this place.
 E = Time spent auto-exploring this place.
 F = Levels seen in this place.
 G = Mean time per level.
                   A        B        C        D        E       F      G
               +--------+--------+--------+--------+--------+-----+--------+
         Total |   4447 |   4249 |    198 |      0 |   3466 |   7 |  635.3 |
       Dungeon |   4253 |   4055 |    198 |      0 |   3384 |   6 |  708.8 |
       Ossuary |    194 |    194 |      0 |      0 |     82 |   1 |  194.0 |
               +--------+--------+--------+--------+--------+-----+--------+

Top non-repeatable levels by time:
     D:1: 982 daAuts
     D:5: 956 daAuts
     D:4: 929 daAuts
     D:2: 777 daAuts
     D:3: 591 daAuts
 Ossuary: 194 daAuts
     D:6: 15 daAuts
